 Dungeon Crawl Stone Soup version 0.28.0-45-g0d030f2227 (webtiles) character file.

Game seed: 277812570102298798

110 101zpm the Magician (level 5, 0/35 HPs)
             Began as a Djinni Ice Elementalist on Apr 11, 2022.
             Slain by a hornet (8 damage)
             ... on level 4 of the Dungeon.
             The game lasted 00:07:06 (3461 turns).

101zpm the Magician (Djinni Ice Elementalist)       Turns: 3461, Time: 00:07:07

Health: 0/35       AC:  3    Str:  7    XL:     5   Next: 14%
Gold:   158        EV: 12    Int: 18    God:
                   SH:  0    Dex: 14

rFire   + . .      SeeInvis .   n - +2 hand axe (flame)
rCold   . . .      Faith    .   (no shield)
rNeg    . . .      Spirit   .   a - +0 robe
rPois   ∞          Reflect  .   (no helmet)
rElec   .          Harm     .   (no cloak)
rCorr   .          Rampage  .   m - +0 pair of gloves
Will    +....                   (boots unavailable)
Stlth   ++........              (no amulet)
HPRegen 0.11/turn               g - ring of willpower
MPRegen 0.00/turn               h - ring of ice

@: freezing walls, flying
A: sickness immunity, fire resistance 2, cold vulnerability 1, float, innate
caster, HP casting, extra vitality 1
a: no special abilities


You were on level 4 of the Dungeon.
You visited 1 branch of the dungeon, and saw 4 of its levels.

You collected 158 gold pieces.

Inventory:

Hand Weapons
 n - a +2 hand axe of flaming (weapon)
Missiles
 l - 5 poisoned darts
Armour
 a - a +0 robe (worn)
 m - a +0 pair of gloves (worn)
Jewellery
 g - a ring of willpower (left hand)
 h - a ring of ice (right hand)
Scrolls
 d - a scroll of brand weapon {unknown}
 e - 2 scrolls of noise {unknown}
 f - a scroll of identify {unknown}
 k - a scroll of immolation {unknown}
 p - a scroll of amnesia {unknown}
 q - a scroll of fog {unknown}
Potions
 b - a potion of heal wounds {unknown}
 c - a potion of mutation {unknown}
 i - a potion of might {unknown}
 j - a potion of degeneration {unknown}
 o - a potion of haste {unknown}


   Skills:
 + Level 0.1 Fighting
 + Level 2.3 Dodging
 + Level 2.0 Stealth
 + Level 4.6 Spellcasting


You couldn't memorise any spells.
You knew the following spells:

 Your Spells              Type           Power      Damage    Failure   Level
a - Freeze                Ice            100%       1d11      1%          1
b - Frozen Ramparts       Ice            62%        1d8       6%          3
c - Ozocubu's Armour      Ice            31%        N/A       6%          3
d - Hailstorm             Conj/Ice       31%        3d8       21%         4
e - Apportation           Tloc           40%        N/A       1%          1
f - Wereblood             Tmut           20%        N/A       3%          2
Your spell library was empty.

Dungeon Overview and Level Annotations

Branches:
Dungeon (4/15)
 Temple: D:4-7

Altars:


Innate Abilities, Weirdness & Mutations

You are immune to sickness and miasma.
You are immune to poison.
Your flesh is very heat resistant. (rF++)
You are vulnerable to cold. (rC-)
You float through the air rather than walking.
You learn spells naturally, not from books.
Your magical power is your life essence.
You have superior vitality. (+4 MHP)


Message History

An ufetubus comes into view.
The ufetubus shouts!
The hornet stings you but does no damage.
Casting: Freeze (safe; 2% risk of failure)
Confirm with . or Enter, or press ? or * to list all spells.
Casting: Frozen Ramparts (dangerous; 6% risk of failure)
Press: ? - help, Dir - look around, f - activate You feel a surge of power!
The walls around you are covered in ice.
The wall freezes the hornet.
The hornet closely misses you.
An endoplasm comes into view.
The wall freezes the hornet.
The hornet stings you!
Aiming: Freeze (safe; 2% risk of failure)
Press: ? - help, Q - select action, (/) - cycle Shift-Dir - straight line, f - hornet
Aim: a hornet (lightly wounded)
You feel a surge of power!
You freeze the hornet!
The hornet is heavily wounded.
The wall freezes the hornet.
The hornet stings you.
The ufetubus resists.
The wall freezes the ufetubus.
Aiming: Freeze (safe; 2% risk of failure)
Press: ? - help, Q - select action, (/) - cycle Shift-Dir - straight line, f - ufetubus, p - hornet
Aim: an ufetubus (moderately wounded)
You feel a surge of power!
You freeze the ufetubus.
The ufetubus resists.
The ufetubus is heavily wounded.
The wall freezes the hornet.
The hornet stings you.
* * * LOW HITPOINT WARNING * * *
The ufetubus resists.
The wall freezes the ufetubus.
The ufetubus barely misses you. x2
A scorpion comes into view.
The wall freezes the hornet.
The hornet closely misses you.
The ufetubus resists.
The wall freezes the ufetubus.
You kill the ufetubus!
Aiming: Freeze (safe; 1% risk of failure)
Press: ? - help, Q - select action, (/) - cycle Shift-Dir - straight line, f - hornet
Aim: a hornet (severely wounded)
You feel a surge of power!
You freeze the hornet.
The hornet is almost dead.
* * * LOW HITPOINT WARNING * * *
The wall freezes the hornet.
The hornet stings you!
You die...

.#........
##........ ........
.. ......# .. .
..... #. ..
##....##.
###.##.>)#...# ###
.........##..#....
....#..y@#.......
.........#..#
..s......#..##
............J####..
.........##........
.........#...####..
...............#
#.......###....#
..? #...<#


You could see a hornet, a scorpion and an endoplasm.

Vanquished Creatures
  5 adders (D:3)
  An ufetubus (D:4)
  2 worms
  2 orcs (D:3)
  3 endoplasms
  2 giant cockroaches
  4 goblins
  4 hobgoblins
  4 kobolds
  2 quokkas
  6 ball pythons
  7 bats
  5 frilled lizards
  7 rats
54 creatures vanquished.

Notes
Turn   | Place    | Note
-------+----------+-------------------------------------------
     0 | D:1      | 101zpm the Djinni Ice Elementalist began the quest for the
                  | Orb.
     0 | D:1      | Reached XP level 1. HP: 15/15 MP: 0/0
     4 | D:2      | Found a faded altar of an unknown god.
   446 | D:2      | Reached XP level 2. HP: 20/21 MP: 0/0
  1290 | D:1      | Reached XP level 3. HP: 23/25 MP: 0/0
  1290 | D:1      | Learned a level 1 spell: Apportation
  2161 | D:3      | Reached skill level 4 in Spellcasting
  2482 | D:3      | Reached XP level 4. HP: 26/31 MP: 0/0
  2953 | D:3      | Reached XP level 5. HP: 26/35 MP: 0/0
  2953 | D:3      | Learned a level 2 spell: Wereblood
  3452 | D:4      | Noticed a hornet
  3461 | D:4      | Slain by a hornet

Illustrated notes

Levels and vault maps discovered:
D:1:      psy_arrival_spokes, layout_loops_ring, minivault_5, solitary_fountain
D:2:      layout_basic, basic_ecumenical_altar
D:3:      layout_basic, st_stairs_5
D:4:      layout_cave_pools, minmay_circle_x

Skill      XL: |  1  2  3  4  5 |
---------------+----------------+-----
Spellcasting   | 4 |  4.6
Stealth        | 2 |  2.0
Fighting       | |  0.1
Dodging        | |  2.3

Action                   |  1- 3 |  4- 6 || total
-------------------------+-------+-------++-------
Melee: Unarmed           |    13 |       ||    13
       Hand axe          |     2 |     4 ||     6
 Cast: Freeze            |    46 |    25 ||    71
       Frozen Ramparts   |     1 |     3 ||     4
 Stab: Sleeping          |     1 |       ||     1
Armor: Robe              |     8 |     5 ||    13
Dodge: Dodged            |    30 |    15 ||    45
